Map: Ephemeron LE

Players

ArT - Winner!

  • Race: Protoss Protoss
  • Spawn Location: 11:00

goblin

  • Race: Protoss Protoss
  • Spawn Location: 5:00

Event: IEM Katowice 2020

VOD

Have the link to the VOD?

Description

Time

  • Played on: Feb. 24, 2020, 10:17 a.m.
  • Length: 8:53

All games in this series

Show
View Real Time Build Order
Export as new Build Order

ArT Protoss - Winner!

Build Orders: Phoenix Opening 

Get SALT Encoding   

  12  0:00  Probe  
  13  0:12  Probe  
  14  0:17  Pylon  
  14  0:24  Probe (Chrono Boost)  
  15  0:37  Probe (Chrono Boost)  
  15  0:38  Gateway  
  16  0:45  Probe (Chrono Boost)  
  16  0:47  Assimilator  
  17  0:51  Probe  
  17  0:55  Assimilator  
  18  1:03  Probe  
  19  1:09  Gateway  
  19  1:15  Probe  
  20  1:25  Cybernetics Core  
  20  1:27  Probe  
  21  1:37  Pylon  
  21  1:39  Probe  
  22  1:51  Probe  
  23  1:59  Stalker (Chrono Boost)  
  23  2:02  Warp Gate  
  27  2:09  Stalker (Chrono Boost)  
  27  2:10  Probe  
  27  2:12  Pylon  
  30  2:29  Stalker (Chrono Boost)  
  30  2:31  Stalker (Chrono Boost)  
  32  2:43  Robotics Facility  
  32  2:52  Probe  
  32  3:03  Sentry  
  34  3:08  Pylon, Sentry  
  36  3:13  Shield Battery  
  36  3:29  Nexus  
  36  3:32  Observer (Chrono Boost)  
  37  3:39  Phoenix  
  37  3:50  Immortal (Chrono Boost)  
  37  3:54  Stalker  
  43  4:02  Stalker  
  45  4:08  Pylon  
  45  4:22  Warp Prism (Chrono Boost)  
  46  4:27  Sentry  
  49  4:38  Shield Battery  
  49  4:44  Adept  
  49  4:56  Immortal (Chrono Boost)  
  53  5:03  Adept  
  55  5:12  Adept  
  57  5:27  Stalker  
  53  5:31  Probe (Chrono Boost)  
  53  5:40  Probe (Chrono Boost)  
  53  5:42  Probe (Chrono Boost)  
  54  5:45  Stargate  
  54  5:47  Probe (Chrono Boost)  
  54  5:48  Probe (Chrono Boost)  
  56  5:58  Probe (Chrono Boost)  
  56  6:02  Probe (Chrono Boost)  
  58  6:05  Pylon  
  58  6:10  Probe (Chrono Boost)  
  59  6:15  Probe (Chrono Boost)  
  59  6:16  Probe (Chrono Boost)  
  59  6:18  Adept x2  
  63  6:25  Probe, Twilight Council  
  66  6:28  Phoenix  
  68  6:35  Probe  
  68  6:37  Probe  
  70  6:42  Zealot  
  70  6:43  Adept  
  74  6:51  Pylon  
  74  6:52  Pylon  
  74  6:56  Resonating Glaives (Chrono Boost)  
  74  7:05  Probe  
  74  7:07  Probe  
  76  7:12  Adept x2  
  80  7:17  Gateway x2  
  80  7:27  Probe  
  79  7:31  Gateway  
  79  7:32  Observer (Chrono Boost)  
  79  7:33  Gateway  
  79  7:35  Adept  
  79  7:36  Pylon, Adept  
  84  7:45  Warp Prism (Chrono Boost)  
  84  7:55  Pylon  
  84  7:56  Pylon  
  84  7:59  Adept x2  
  88  8:12  Adept  
  88  8:13  Adept  
  92  8:25  Adept x2  
  90  8:28  Adept x2  
  90  8:33  Adept x2  
  88  8:46  Adept x2  
  82  8:50  Adept x2  
Show
View Real Time Build Order
Export as new Build Order

goblin Protoss 

Build Orders:  

Get SALT Encoding   

  12  0:00  Probe  
  13  0:12  Probe  
  14  0:17  Pylon  
  14  0:24  Probe (Chrono Boost)  
  15  0:36  Probe (Chrono Boost)  
  15  0:37  Gateway  
  16  0:44  Probe (Chrono Boost)  
  16  0:46  Assimilator  
  17  0:51  Probe  
  17  0:55  Assimilator  
  18  1:03  Probe (Chrono Boost)  
  19  1:10  Gateway  
  19  1:13  Probe (Chrono Boost)  
  19  1:18  Probe (Chrono Boost)  
  21  1:26  Cybernetics Core  
  21  1:29  Probe  
  22  1:40  Pylon  
  22  1:41  Probe  
  23  1:58  Probe  
  24  2:02  Stalker x2  
  24  2:03  Warp Gate (Chrono Boost)  
  28  2:11  Pylon  
  28  2:21  Robotics Facility  
  28  2:34  Stalker  
  28  2:36  Stalker  
  31  3:00  Gateway  
  31  3:01  Pylon  
  31  3:13  Pylon  
  31  3:15  Warp Prism (Chrono Boost)  
  33  3:28  Shield Battery  
  31  3:47  Sentry x2  
  36  3:48  Observer  
  36  3:54  Stalker  
  38  3:57  Pylon  
  38  4:16  Sentry x2  
  42  4:17  Stalker  
  44  4:45  Sentry, Zealot, Stalker  
  48  4:50  Nexus  
  50  5:14  Observer  
  42  5:21  Stalker x3  
  42  5:25  Observer  
  42  5:27  Immortal (Chrono Boost)  
  38  5:36  Probe  
  38  5:39  Observer  
  39  5:48  Probe (Chrono Boost)  
  40  5:57  Observer  
  40  5:59  Twilight Council  
  40  6:01  Probe (Chrono Boost)  
  42  6:04  Probe (Chrono Boost)  
  42  6:09  Probe (Chrono Boost)  
  44  6:11  Probe (Chrono Boost)  
  44  6:16  Probe x2 (Chrono Boost)  
  45  6:21  Immortal  
  50  6:28  Probe (Chrono Boost)  
  52  6:33  Probe (Chrono Boost)  
  51  6:40  Probe (Chrono Boost), Stalker  
  51  7:05  Immortal  
  51  7:07  Resonating Glaives (Chrono Boost), Observer  
  55  7:10  Probe (Chrono Boost)  
  57  7:16  Probe (Chrono Boost)  
  57  7:21  Probe (Chrono Boost)  
  59  7:23  Probe (Chrono Boost)  
  59  7:29  Adept  
  59  7:30  Adept x2  
  63  7:37  Pylon  
  63  7:41  Observer  
  63  7:55  Gateway x2, Pylon  
  63  7:56  Gateway  
  63  8:01  Adept  
  65  8:09  Sentry x2  
  69  8:16  Pylon  
  65  8:29  Adept  
  62  8:37  Adept x2  

Tags
 
Add a new tag
Caveats
  • Supply blocks, unpowered buildings, or Contaminate may cause inaccurate times.
  • Supply counts are checked every 10 seconds.